 Dungeon Crawl Stone Soup version 0.23-a0-696-gf95311e5ea (webtiles) character file.

432 LLavrengius the Changer (level 7, -1/43 HPs)
             Began as an Octopode Transmuter on Jan 12, 2019.
             Slain by an orc
             ... wielding a +0 flail
              (9 damage)
             ... on level 4 of the Dungeon.
             The game lasted 00:11:26 (3524 turns).

LLavrengius the Changer (Octopode Transmuter)       Turns: 3524, Time: 00:11:26

Health: -1/43      AC:  1    Str:  9    XL:     7   Next: 0%
Magic:  10/10      EV: 13    Int: 18    God:
Gold:   102        SH:  0    Dex: 12    Spells: 5/10 levels left

rFire    . . .     SeeInvis .     - Unarmed
rCold    . . .     Gourm    .   (no shield)
rNeg     . . .     Faith    .   (helmet restricted)
rPois    .         Spirit   .   (no amulet)
rElec    .         Reflect  .   i - ring of flight
rCorr    .         Harm     .   (no ring)
MR       .....                  (no ring)
Stlth    ++........             (no ring)
HPRegen  0.14/turn              (no ring)
MPRegen  0.12/turn              (no ring)
                                (no ring)
                                (no ring)

@: no status effects
A: almost no armour, stealthy swim, amphibious, 8 rings, constrict 8, camouflage
1, gelatinous body 1
a: Evoke Flight


You were on level 4 of the Dungeon.
You were hungry.

You visited 1 branch of the dungeon, and saw 4 of its levels.

You collected 102 gold pieces.

Inventory:

Missiles
 a - 45 arrows
Jewellery
 i - a ring of flight (left tentacle)
Scrolls
 d - a scroll of identify
 h - a scroll of immolation
 m - a scroll of random uselessness
Potions
 k - a potion of resistance
 l - a potion of mutation
 n - 2 potions of magic
Comestibles
 b - 2 chunks of flesh
 c - 5 rations


   Skills:
 - Level 1.0 Fighting
 - Level 2.0 Dodging
 - Level 3.0 Unarmed Combat
 - Level 2.0 Spellcasting
 + Level 7.3 Transmutations


You had 5 spell levels left.
You knew the following spells:

 Your Spells              Type           Power        Failure   Level  Hunger
b - Sticks to Snakes      Tmut           ####....     1%          2    ###....
c - Spider Form           Tmut/Pois      ##........   12%         3    ###....

Your spell library contained the following spells:

 Spells                   Type           Power        Failure   Level  Hunger
 Beastly Appendage        Tmut           ####..       1%          1    #......
 Blade Hands              Tmut           ####......   26%         5    ######.
 Ice Form                 Ice/Tmut       ##......     38%         4    #####..


Dungeon Overview and Level Annotations

Branches:
Dungeon (4/15)
 Temple: D:4-7

Altars:
Hepliaklqana

Portals:
Ossuary: D:4


Innate Abilities, Weirdness & Mutations

You cannot wear most types of armour.
You are very stealthy in the water. (Stealth+)
You are amphibious.
You can wear up to eight rings at the same time.
You can use your tentacles to constrict eight enemies at once.
Your skin changes colour to match your surroundings (Stealth+).
Your rubbery body absorbs attacks. (AC +1, EV +1)


Message History

You hear a shout! x2
The orc wizard hits you but does no damage.
A howler monkey skeleton comes into view.
The orc barely misses you.
You tentacle-slap the orc wizard.
The orc wizard is almost dead.
You constrict the orc wizard, but do no damage.
The orc throws a tomahawk.
The tomahawk hits you.
The orc wizard hits you with a +0 dagger.
The orc hits you with a +0 flail!
* * * LOW HITPOINT WARNING * * *
You tentacle-slap the orc wizard.
You kill the orc wizard!
You have reached level 7!
An orc wizard comes into view. It is wielding a +0 dagger.
You tentacle-slap the orc. You grab the orc.
The orc is lightly wounded.
You constrict the orc, but do no damage.
The orc hits you with a +0 flail!
You die...

#.......÷......##
#..#................
#. +......####......
#...#######.......
#..........####...
#......?... ...
##.......... .. #
#..o........
+...#..)@.......
#......∩..#.....
#.........#_....
#..Z..o...# ....
#.........# ..
...........#
............
......o......
.............


You could see an orc wizard, 2 orcs and a howler monkey skeleton.

Vanquished Creatures
  Sigmund (D:3)
  An ogre (D:4)
  An orc priest (D:3)
  2 orc wizards
  3 adders
  2 oozes (D:2)
  3 worms (D:2)
  5 leopard geckos
  4 orcs (D:3)
  8 bats
  4 giant cockroaches
  4 goblins
  7 hobgoblins
  10 kobolds
  A quokka (D:2)
  A ball python (D:2)
  A frilled lizard (D:2)
  6 rats
64 creatures vanquished.

Vanquished Creatures (others)
  4 toadstools (D:1)
4 creatures vanquished.

Grand Total: 68 creatures vanquished

Notes
Turn   | Place    | Note
-------+----------+-------------------------------------------
     0 | D:1      | LLavrengius the Octopode Transmuter began the quest for the
                  | Orb.
     0 | D:1      | Reached XP level 1. HP: 13/13 MP: 3/3
   346 | D:1      | Reached XP level 2. HP: 18/18 MP: 5/5
   350 | D:1      | Learned a level 2 spell: Sticks to Snakes
   596 | D:1      | Reached skill level 3 in Transmutations
   937 | D:2      | Reached XP level 3. HP: 23/23 MP: 6/6
  1007 | D:2      | Learned a level 3 spell: Spider Form
  1263 | D:2      | Reached skill level 4 in Transmutations
  1289 | D:2      | Reached XP level 4. HP: 25/28 MP: 7/7
  1996 | D:3      | Reached skill level 5 in Transmutations
  1996 | D:3      | Reached XP level 5. HP: 11/33 MP: 5/8
  2019 | D:3      | HP: 1/33 [orc wizard/magic dart (7)]
  2368 | D:3      | Noticed Sigmund
  2393 | D:3      | Killed Sigmund
  2393 | D:3      | Reached skill level 6 in Transmutations
  2393 | D:3      | Reached XP level 6. HP: 7/38 MP: 6/9
  3501 | D:4      | Reached skill level 7 in Transmutations
  3508 | D:4      | Found a sand-covered staircase.
  3509 | D:4      | Found a hazy altar of Hepliaklqana.
  3523 | D:4      | Reached XP level 7. HP: 7/43 MP: 10/10
  3524 | D:4      | Slain by an orc

Vault maps used:
D:1:      ldierk_water_garden
D:3:      uniq_sigmund
D:4:      overflow_temple_1_default, gammafunk_temple_overflow_statue,
          enter_ossuary_1, first_ration

Skill      XL: |  1  2  3  4  5  6 |
---------------+-------------------+-----
Transmutations | 3 4 5 6 7 |  7.3
Fighting       | |  1.0
Dodging        | |  2.0
Unarmed Combat | |  3.0
Spellcasting   | |  2.0

Action                   |  1- 3 |  4- 6 |  7- 9 || total
-------------------------+-------+-------+-------++-------
Melee: Unarmed           |    81 |    92 |     1 ||   174
       Constrict         |    20 |    19 |     1 ||    40
       Tentacles         |    10 |    14 |       ||    24
       Kick              |    14 |     1 |       ||    15
       Punch             |       |     1 |       ||     1
 Cast: Beastly Appendage |     4 |     3 |       ||     7
       Spider Form       |       |     3 |       ||     3
  Use: Potion            |     2 |       |       ||     2
       Scroll            |       |    10 |       ||    10
 Stab: Sleeping          |     5 |     5 |       ||    10
  Eat: Chunk             |     1 |     7 |       ||     8
Armor: Skin              |     3 |     6 |       ||     9
Dodge: Dodged            |    43 |    61 |       ||   104

Table legend:
 A = Non-vault XP
 B = Vault XP
 C = Vault XP percentage of total XP
 D = Non-vault monster count
 E = Vault monster count
 F = Vault count percentage of total count
                 A         B        C        D         E       F
            +---------+---------+-------+---------+---------+-------
      Total |     398 |     220 |  35.6 |      63 |       1 |   1.6
            +---------+---------+-------+---------+---------+-------
        D:1 |      23 |       0 |   0.0 |      13 |       0 |   0.0
        D:2 |      89 |       0 |   0.0 |      28 |       0 |   0.0
        D:3 |     125 |     220 |  63.8 |      18 |       1 |   5.3
        D:4 |     161 |       0 |   0.0 |       4 |       0 |   0.0
            +---------+---------+-------+---------+---------+-------
